 Dungeon Crawl Stone Soup version 0.30.1-4-g462c640d31 (webtiles) character file.

Game seed: 17071214022504287159

455 rvierbuc the Slasher (level 6, -5/47 HPs)
             Began as a Demonspawn Gladiator on Aug 21, 2023.
             Killed from afar by Eustachio (10 damage)
             ... with a puff of flame
             ... on level 4 of the Dungeon.
             The game lasted 00:10:35 (2464 turns).

rvierbuc the Slasher (Demonspawn Gladiator)         Turns: 2464, Time: 00:10:35

Health: -5/47      AC:  7    Str: 16    XL:     6   Next: 76%
Magic:  6/6        EV: 11    Int: 10    God:
Gold:   152        SH:  7    Dex: 14    Spells: 5/5 levels left

rFire   . . .        a - +0 long sword
rCold   . . .        B - +0 kite shield
rNeg    . . .        b - +0 leather armour
rPois   .            c - +0 helmet
rElec   .            (no cloak)
rCorr   .            (no gloves)
SInv    .            (no boots)
Will    .....        (no amulet)
Stlth   +            (no ring)
HPRegen 0.27/turn    (no ring)
MPRegen 0.10/turn

%: no passive effects
@: brilliant
A: claws 1, yellow scales 2
a: no special abilities


You were on level 4 of the Dungeon.
You visited 1 branch of the dungeon, and saw 4 of its levels.

You collected 152 gold pieces.

Inventory:

Hand Weapons
 a - a +0 long sword (weapon)
Missiles
 d - 3 throwing nets (quivered)
 e - a javelin
 p - 5 poisoned darts
 A - 6 boomerangs
Armour
 b - a +0 leather armour (worn)
 c - a +0 helmet (worn)
 B - a +0 kite shield (worn)
Magical Staves
 f - a staff of death
 j - a staff of conjuration
 r - a staff of cold
 C - a staff of poison
Scrolls
 g - 2 scrolls of brand weapon {unknown}
 i - a scroll of poison {unknown}
 m - a scroll of immolation {unknown}
 s - 3 scrolls of identify {unknown}
 u - 3 scrolls of teleportation {unknown}
 w - a scroll of amnesia {unknown}
 x - a scroll of vulnerability {unknown}
 y - 3 scrolls of magic mapping {unknown}
 z - a scroll of torment {unknown}
 E - a scroll of fog {unknown}
Potions
 h - a potion of magic {unknown}
 k - a potion of curing {unknown}
 l - 2 potions of haste {unknown}
 n - 2 potions of flight {unknown}
 o - 2 potions of brilliance
 q - 2 potions of degeneration {unknown}
 t - a potion of might {unknown}
 v - a potion of mutation {unknown}
 D - a potion of lignification {unknown}


   Skills:
 + Level 3.5 Fighting
 + Level 5.2 Long Blades
 + Level 2.0 Throwing
 + Level 2.0 Armour
 + Level 3.5 Dodging
 + Level 0.8 Stealth
 + Level 0.5 Shields


You had 5 spell levels left.
You didn't know any spells.
Your spell library contained the following spells:

 Spells                   Type           Power      Damage    Failure   Level
 Gell's Gravitas          Tloc           0%         N/A       99%         3
 Portal Projectile        Hex/Tloc       0%         N/A       99%         3
 Teleport Other           Tloc           0%         N/A       99%         3
 Tukima's Dance           Hex            0%         N/A       99%         3
 Blade Hands              Tmut           0%         N/A       100%        5
 Dispersal                Tloc           0%         N/A       100%        6


Dungeon Overview and Level Annotations

Branches:
Dungeon (4/15)
 Temple: D:4-7

Altars:
Cheibriados

Annotations:
D:4 Eustachio


Innate Abilities, Weirdness & Mutations

You have sharp fingernails.
You are mostly covered in yellow scales. (AC +3)


Message History

You barely miss the orc.
Eustachio shouts!
You block the orc's attack.
Eustachio mumbles some strange words.
You slash the orc!
You kill the orc!
Eustachio casts a spell.
Eustachio blinks!
The kobold throws a stone.
The stone barely misses you.
You hit the kobold.
The kobold is severely wounded.
You block the kobold's attack.
You slash the kobold!
You kill the kobold!
You hit the orc.
The orc is moderately wounded.
You block the orc's attack. The orc closely misses you.
You hit the orc.
You kill the orc!
You hit the orc priest.
The orc priest is lightly wounded.
The orc priest hits you but does no damage.
You hit the orc priest but do no damage.
The orc priest is lightly wounded.
Eustachio zaps a wand.
The puff of flame misses you.
The orc priest mumbles some strange prayers to Beogh against you.
Beogh smites you!
* * * LOW HITPOINT WARNING * * *
You barely miss the orc priest.
The orc priest is lightly wounded.
The orc priest closely misses you.
Eustachio zaps a wand.
The puff of flame hits you.
* * * LOW HITPOINT WARNING * * *
Eustachio mumbles some strange words.
You block the orc priest's attack.
Okay, then.
It was a potion of brilliance.
You feel clever all of a sudden. The orc priest barely misses you.
Eustachio zaps a wand.
The puff of flame hits you!
You die...

#..# #...).# ####
#..###...).# #..#
#.....†...## ##.##
#####..##.# #..###
########.......#.# ##...#
#....†...#.###)#.#
.#######.###.########.#.#.#.#
.......[...@...# #.#<..#.#
#########..#.#@# #.#####.#
#..........#o# #..
#.######.#.#b########
###.........# .............#
######>......# #.......#
#.......+ #.......#


You could see Eustachio, an orc priest and a bat (summoned).

Vanquished Creatures
  Sigmund (D:2)
  A scorpion (D:4)
  A sleepcap (D:4)
  13 adders
  3 worms
  A dart slug (D:1)
  8 orcs (D:4)
  4 endoplasms
  A giant cockroach (D:2)
  5 goblins
  7 hobgoblins
  3 quokkas (D:1)
  8 ball pythons
  5 bats
  2 frilled lizards
  10 kobolds
  10 rats
83 creatures vanquished.

Vanquished Creatures (others)
  A rat (D:1)
1 creature vanquished.

Grand Total: 84 creatures vanquished

Notes
Turn   | Place    | Note
-------+----------+-------------------------------------------
     0 | D:1      | rvierbuc the Demonspawn Gladiator began the quest for the
                  | Orb.
     0 | D:1      | Reached XP level 1. HP: 16/16 MP: 1/1
   125 | D:1      | Reached skill level 3 in Long Blades
   129 | D:1      | Gained mutation: You are partially covered in yellow
                  | scales. (AC +2) [demonic ancestry]
   129 | D:1      | Reached XP level 2. HP: 19/22 MP: 2/2
   209 | D:1      | Found a faded altar of an unknown god.
   578 | D:1      | Gained mutation: You are mostly covered in yellow scales.
                  | (AC +3) [demonic ancestry]
   578 | D:1      | Reached XP level 3. HP: 28/28 MP: 3/3
  1365 | D:2      | Gained mutation: You have sharp fingernails. [demonic
                  | ancestry]
  1365 | D:2      | Reached XP level 4. HP: 34/34 MP: 4/4
  1366 | D:2      | Noticed Sigmund
  1379 | D:2      | Killed Sigmund
  1380 | D:2      | Reached skill level 4 in Long Blades
  1380 | D:2      | Reached skill level 1 in Armour
  1380 | D:2      | Reached XP level 5. HP: 36/41 MP: 5/5
  1972 | D:3      | Reached XP level 6. HP: 44/47 MP: 6/6
  2264 | D:4      | Found a snail-covered altar of Cheibriados.
  2302 | D:4      | Reached skill level 5 in Long Blades
  2454 | D:4      | Noticed Eustachio
  2464 | D:4      | Killed from afar by Eustachio

Illustrated notes

Levels and vault maps discovered:
D:1:      tekkud_arrival_beachfront_property, layout_basic,
          hellmonk_ecumenical_altar_crossroads, wad_floor_pattern_untrapped,
          chequers_mini_garden, minivault_14, minmay_pentomino_w4
D:2:      layout_loops_cross, minmay_misc_feat_rows, hangedman_decor_push,
          uniq_sigmund
D:3:      layout_basic, minmay_snake_closets
D:4:      layout_basic, slow_altar_1, minmay_temple_entry_tees, uniq_eustachio,
          uniq_crazy_yiuf_cottage

Skill      XL: |  1  2  3  4  5  6 |
---------------+-------------------+-----
Long Blades    | 3 4 5 |  5.2
Throwing       | 2 |  2.0
Dodging        | 3 |  3.5
Fighting       | 3 |  3.5
Armour         | 1 2 |  2.0
Stealth        | |  0.8
Shields        | |  0.5

Action                     |  1- 3 |  4- 6 || total
---------------------------+-------+-------++-------
  Melee: Long sword        |   138 |   161 ||   299
    Use: Potion            |       |     1 ||     1
   Stab: Sleeping          |       |     3 ||     3
 Armour: Leather armour    |    56 |    53 ||   109
  Dodge: Dodged            |   118 |    94 ||   212
  Block: Kite shield       |       |    47 ||    47
